cohdb
Replays
Latest Replays
All Replays
Popular Replays
Top Player Replays
Match Explorer
How It Works
Community
CoH3 Stats
Reddit
Sign in to upload your games and track your stats! →
Sign in with Steam
Match 45594124
Unlisted
Match 45594124
Overview
Messages
Build Orders
End
Selects Australian Defense Battlegroup
Selects Australian Light Infantry Section
Australian Light Infantry Section
Construct Section Command Post
Dingo Light Scout Car
Australian Light Infantry Section
Australian Light Infantry Section
Construct Platoon Command Post
Humber Armored Car
Unlock M3 Stuart Light Tanks
Selects 2-pounder Anti-tank Gun Team
M3 Stuart Light Tank
Selects Vehicle Over Repair
Construct Field Infirmary
M3 Stuart Light Tank
M3 Stuart Light Tank
Australian Light Infantry Section
Infantry Training
dbswo0927
Barbarossa
0
0
Comments
sign in to comment!
No comments posted yet!